AoeStats
← lothal

Oasis

510224011Analyzed
4v4 RM · 4d ago on Sep 30, 2026· 60m 6s· 8 players
Game mode
Random Map
Map size
Large (8 player)
Population
200
Speed
Normal
Resources
Standard
Victory
Conquest
Starting age
Dark Age
Ending age
Imperial Age
RankedLock teamsTeams togetherTeam positionsShared explorationLock speedFull tech treeHidden civsTurbo modeCheats
Victory
Defeat
🇨🇳 Wei · China
625
+14
🇨🇱 Romans · Chile
621
+14
🇦🇷 Goths · Argentina
616
+14
🇨🇱 Franks · Chile
600
+15
🇺🇸 Magyars · United States
604
-21
🇨🇱 Vikings · Chile
592
-15
🇺🇸 Portuguese · United States
579
-14
🇺🇸 Japanese · United States
557
-13
MordorQva
11:33 Feudal Age
12:04 Double-Bit Axe
21:52 Castle Age
25:09 Wheelbarrow
26:50 Bow Saw
29:35 Pikeman
30:50 Gold Mining
31:36 Padded Archer Armor
31:26 Fletching
32:46 Horse Collar
35:17 Stone Mining
39:16 Leather Archer Armor
38:56 Bodkin Arrow
39:23 Caravan
40:34 Heavy Plow
41:42 Stone Shaft Mining
42:05 Arson
44:05 Hand Cart
44:27 Ballistics
47:28 Imperial Age
47:36 Elite Organ Gun
48:23 Arquebus
48:43 Onager
49:57 Halberdier
50:57 Arquebus
57:08 Chemistry
zelda699
12:38 Feudal Age
12:20 Loom
13:19 Double-Bit Axe
16:30 Horse Collar
22:10 Castle Age
21:00 Forging
20:55 Scale Mail Armor
24:29 Bow Saw
25:31 Gold Mining
26:45 Iron Casting
29:46 Gold Shaft Mining
30:08 Wheelbarrow
33:02 Hand Cart
32:52 Gambesons
32:40 Man-at-Arms
33:25 Squires
32:50 Pikeman
34:57 Stone Mining
35:32 Chain Mail Armor
37:06 Long Swordsman
37:32 Arson
40:23 Imperial Age
41:36 Conscription
40:36 Elite Samurai
41:37 Kataparuto
40:40 Two-Handed Swordsman
43:08 Redemption
43:16 Redemption
43:22 Block Printing
44:11 Chemistry
43:17 Siege Engineers
43:33 Ballistics
44:33 Blast Furnace
44:03 Plate Mail Armor
44:00 Heavy Plow
46:31 Halberdier
bbwilliams
10:50 Loom
13:44 Feudal Age
19:12 Castle Age
18:09 Horse Collar
18:19 Double-Bit Axe
18:35 Gold Mining
20:03 Scale Barding Armor
23:23 Bow Saw
24:18 Wheelbarrow
24:22 Chain Barding Armor
24:25 Husbandry
25:53 Heavy Plow
26:12 Fervor
27:30 Stone Mining
28:18 Gold Shaft Mining
29:04 Hand Cart
30:43 Town Watch
31:21 Caravan
32:18 Fletching
32:29 Padded Archer Armor
32:51 Light Cavalry
33:42 Bloodlines
34:25 Bodkin Arrow
34:46 Leather Archer Armor
36:01 Town Patrol
41:28 Imperial Age
39:56 Corvinian Army
42:11 Ballistics
41:32 Treadmill Crane
43:03 Thumb Ring
42:45 Cavalier
44:06 Heavy Cavalry Archer
45:11 Parthian Tactics
45:51 Chemistry
44:57 Bracer
45:28 Ring Archer Armor
45:03 Recurve Bow
45:24 Conscription
46:17 Paladin
49:05 Elite Magyar Huszar
55:08 Elite Skirmisher
rodrigooboeponce
0:33 Loom
13:16 Feudal Age
16:05 Double-Bit Axe
16:39 Horse Collar
16:55 Gold Mining
19:50 Stone Mining
23:36 Castle Age
25:39 Bow Saw
25:33 Heavy Plow
31:50 Caravan
32:59 Gold Shaft Mining
36:35 Imperial Age
34:02 Crossbowman
34:36 Fletching
34:47 Padded Archer Armor
34:58 Forging
37:00 Squires
36:30 Pikeman
37:49 Crop Rotation
38:21 Two-Man Saw
38:37 Chemistry
37:19 Treadmill Crane
38:35 Leather Archer Armor
40:14 Ballistics
40:10 Siege Engineers
40:24 Masonry
41:02 Ring Archer Armor
40:27 Bodkin Arrow
41:08 Iron Casting
40:34 Scale Mail Armor
40:00 Arbalester
42:12 Arson
42:32 Bracer
42:40 Heavy Scorpion
42:43 Capped Ram
44:09 Architecture
43:53 Fortified Wall
43:08 Elite Skirmisher
lothal
0:29 Loom
16:02 Feudal Age
21:14 Castle Age
23:20 Town Watch
25:01 Double-Bit Axe
25:01 Horse Collar
34:56 Fortified Wall
35:02 Bow Saw
34:56 Heavy Plow
35:50 Gold Mining
35:52 Stone Mining
37:08 Gold Shaft Mining
39:54 Imperial Age
37:41 Scale Mail Armor
37:52 Forging
39:01 Caravan
40:01 Wheelbarrow
40:21 Chain Mail Armor
40:14 Scale Barding Armor
40:35 Man-at-Arms
41:41 Conscription
40:49 Capped Ram
41:45 Pikeman
41:46 Long Swordsman
42:26 Squires
43:00 Crop Rotation
43:21 Legionary
44:34 Ballistics
45:14 Chemistry
44:30 Heavy Scorpion
45:40 Siege Ram
47:52 Comitatenses
48:12 Iron Casting
47:51 Masonry
54:21 Ballistas
54:53 Chain Barding Armor
55:34 Blast Furnace
55:07 Bloodlines
54:57 Husbandry
54:18 Light Cavalry
Pablorito III
0:50 Loom
14:02 Feudal Age
15:52 Wheelbarrow
15:05 Double-Bit Axe
15:57 Gold Mining
15:58 Stone Mining
28:40 Castle Age
30:22 Hand Cart
30:21 Bow Saw
34:46 Caravan
35:16 Coinage
36:29 Gold Shaft Mining
38:45 Imperial Age
36:00 Ordonnance Companies
39:10 Padded Archer Armor
39:20 Forging
41:52 Banking
43:15 Chivalry
43:36 Conscription
42:37 Elite Throwing Axeman
44:03 Hoardings
43:59 Masonry
44:10 Ballistics
44:23 Murder Holes
45:31 Chemistry
48:11 Scale Mail Armor
48:46 Iron Casting
48:27 Leather Archer Armor
48:03 Fletching
48:19 Scale Barding Armor
47:37 Pikeman
48:17 Squires
48:04 Arson
51:37 Architecture
51:26 Chain Mail Armor
52:58 Halberdier
57:33 Blast Furnace
56:29 Bodkin Arrow
57:05 Plate Mail Armor
56:56 Chain Barding Armor
57:50 Siege Engineers
Vollenbad
0:30 Loom
12:41 Feudal Age
13:11 Double-Bit Axe
18:09 Wheelbarrow
21:14 Castle Age
19:45 Horse Collar
19:58 Gold Mining
22:09 Bow Saw
25:17 Hand Cart
29:50 Anarchy
31:09 Heavy Plow
34:59 Imperial Age
33:07 Murder Holes
33:23 Masonry
34:35 Stone Mining
35:59 Squires
35:19 Pikeman
37:05 Chemistry
37:00 Conscription
36:56 Perfusion
39:34 Elite Huskarl
41:00 Halberdier
43:04 Forging
43:00 Scale Barding Armor
42:58 Scale Mail Armor
43:09 Caravan
47:32 Iron Casting
47:03 Scale Barding Armor
47:30 Fletching
48:00 Chain Mail Armor
50:03 Blast Furnace
48:54 Fletching
49:05 Padded Archer Armor
WINGER
0:51 Loom
11:51 Feudal Age
17:32 Castle Age
15:45 Double-Bit Axe
15:51 Horse Collar
16:28 Stone Mining
16:49 Gold Mining
18:54 Bow Saw
20:45 Heavy Plow
22:49 Stone Shaft Mining
23:41 Gold Shaft Mining
24:42 Fervor
30:45 Imperial Age
28:17 Treadmill Crane
28:56 Padded Archer Armor
28:47 Fletching
29:53 Leather Archer Armor
30:21 Caravan
30:52 Town Watch
31:44 Wheelbarrow
33:05 Chemistry
32:25 Ballistics
32:01 Bodkin Arrow
32:37 Ring Archer Armor
32:43 Crop Rotation
32:54 Hand Cart
32:58 Bracer
34:11 Forging
34:07 Scale Barding Armor
35:33 Conscription
35:19 Tuntian
35:44 Ming Guang Armor
34:40 Elite Tiger Cavalry
35:55 Hoardings
35:39 Heavy Scorpion
36:34 Elite Tiger Cavalry
37:54 Iron Casting
37:40 Chain Barding Armor
37:58 Bloodlines
37:48 Husbandry
37:35 Heavy Hei Guang Cavalry
38:44 Parthian Tactics
38:24 Thumb Ring
39:35 Blast Furnace
38:19 Light Cavalry
41:30 Masonry
41:15 Hussar
Connection lost

Rejoining the realm…

Still unreachable

The connection could not be restored.

Session expired

The server has moved on; the page needs a fresh start.